 Dungeon Sprint DCSS version 0.28.0-53-g5a82cb258f (webtiles) character file.

Game seed: 12698542064192628449

450 Zeld the Thaumaturge (level 6, -6/32 HPs)
             Began as a Deep Elf Conjurer on June 5, 2022.
             Was a Follower of Sif Muna.
             Mangled by a human
             ... wielding a +0 club
              (18 damage)
             ... in the Dungeon (Sprint III: "The Ten Rune Challenge").
             The game lasted 00:01:16 (744 turns).

Zeld the Thaumaturge (Deep Elf Conjurer)             Turns: 744, Time: 00:01:17

Health: -6/32      AC:  2    Str:  4    XL:     6   Next: 74%
Magic:  12/25      EV: 14    Int: 25    God:    Sif Muna [*.....]
Gold:   31         SH:  0    Dex: 13    Spells: 22/33 levels left

rFire   . . .      SeeInvis .   (no weapon)
rCold   . . .      Faith    .   (no shield)
rNeg    . . .      Spirit   .   a - +0 robe
rPois   .          Reflect  .   (no helmet)
rElec   .          Harm     .   (no cloak)
rCorr   .          Rampage  .   (no gloves)
Will    .....      NoTele   +   (no boots)
Stlth   ++........              (no amulet)
HPRegen 0.10/turn               (no ring)
MPRegen 0.19/turn               (no ring)

@: very slightly contaminated
A: no striking features
a: Renounce Religion, Channel Magic


You were in the Dungeon.
You worshipped Sif Muna.
Sif Muna was aware of your devotion.
You visited 1 branch You collected 31 gold pieces.

Inventory:

Armour
 a - a +0 robe (worn)
Wands
 o - a wand of iceblast (9)
Scrolls
 g - a scroll of holy word {unknown}
 h - 4 scrolls of identify
 l - a scroll of immolation {unknown}
 m - a scroll of magic mapping {unknown}
Potions
 b - a potion of curing
 c - 2 potions of mutation {unknown}
 d - a potion of haste
 f - a potion of berserk rage
 i - a potion of ambrosia {unknown}
 j - a potion of attraction {unknown}
 k - 3 potions of flight
 n - a potion of cancellation {unknown}


   Skills:
 + Level 6.5 Dodging
 - Level 2.4 Stealth
 * Level 14.2 Spellcasting
 + Level 9.5 Conjurations
 - Level 2.0 Hexes
 - Level 2.0 Translocations


You had 22 spell levels left.
You knew the following spells:

 Your Spells              Type           Power      Damage    Failure   Level
a - Magic Dart            Conj           100%       1d8       1%          1
b - Searing Ray           Conj           100%       2d8       1%          2
c - Fulminant Prism       Conj/Hex       23%        3d13      3%          4
d - Iskenderun's Mystic   Conj/Tloc      46%        2d10      3%          4

Your spell library contained the following spells:

 Spells                   Type           Power      Damage    Failure   Level
 Dazzling Flash           Conj/Hex       92%        N/A       1%          3
 Cause Fear               Hex            13%        N/A       14%         4
 Dragon Form              Tmut           8%         N/A       100%        7
 Dragon's Call            Summ           8%         N/A       100%        9


Dungeon Overview and Level Annotations

Branches:
Dungeon (1/1)

Altars:
Dithmenos
Kikubaaqudgha
Okawaru
Ru
Sif Muna
Trog
Uskayaw
Vehumet
Wu Jian
Yredelemnul
Beogh


Message History

Unknown command.
Okay, then.
Magic courses through your body.
The human rages. x2
Casting: Iskenderun's Mystic Blast (quite dangerous; 3% risk of failure)
Confirm with . or Enter, or press ? or * to list all spells.
The spell is quite dangerous to miscast (3% risk of failure)!
Continue anyway?
You erupt in a blast of force!
The mystic blast hits the human.
The human is severely wounded.
The human is knocked back by the mystic blast.
Unknown command.
Casting: Iskenderun's Mystic Blast (quite dangerous; 3% risk of failure)
Confirm with . or Enter, or press ? or * to list all spells.
Aiming: Searing Ray (safe; 1% risk of failure)
Press: ? - help, Shift-Dir - straight line, f - human
Aim: a human, wielding a +0 club (severely wounded, berserk, 76% to hit)
The searing ray hits the human.
The human is severely wounded. (Press . to maintain the ray.) Unknown command.
The searing ray misses the human.
The human closely misses you.
Casting: Searing Ray (safe; 1% risk of failure)
Confirm with . or Enter, or press ? or * to list all spells.
The spell is quite dangerous to miscast (3% risk of failure)!
Continue anyway?
You erupt in a blast of force!
The mystic blast hits the human.
The human is almost dead.
The human is knocked back by the mystic blast.
Unknown command.
Casting: Iskenderun's Mystic Blast (quite dangerous; 3% risk of failure)
Confirm with . or Enter, or press ? or * to list all spells.
Aiming: Searing Ray (safe; 1% risk of failure)
Press: ? - help, Shift-Dir - straight line, f/p - human
Aim: a human, wielding a +0 club (almost dead, berserk, 76% to hit)
The searing ray hits the human.
The human is almost dead. (Press . to maintain the ray.) Unknown command.
The searing ray misses the human.
The human hits you with a +0 club!!
Ouch! That really hurt!
You die...

▓▓ ▓▓▓ .#### ##.#
######## ....#####..#
#___#__# ...).#..#..#
#__ #._#
##...#..#..###+#'###'##
###..##'#..#....p.....#
.##..###...'.⌠..@.....#
##..####...#...######+#
##..###....#.⌠.#
#...##.....#...#
....#......#'###
..##.#.....#.))#
..#####....#___# ▓▓▓
▓▓▓▓▓▓▓▓▓▓


You could see a human (berserk).

Vanquished Creatures
  A necrophage (D)
  A scorpion (D)
  A water elemental (D)
  Jessica (D)
  A wizard (D)
  A necromancer (D)
  2 humans (D)
  A kobold demonologist (D)
  2 rats (D)
11 creatures vanquished.

Notes
Turn   | Place    | Note
-------+----------+-------------------------------------------
     0 | D        | Zeld the Deep Elf Conjurer began the quest for the Orb.
     0 | D        | Reached XP level 1. HP: 10/10 MP: 6/6
    20 | D        | Reached skill level 1 in Hexes
    20 | D        | Reached skill level 1 in Translocations
    42 | D        | Noticed Jessica
    45 | D        | Killed Jessica
    46 | D        | Reached skill level 6 in Spellcasting
    46 | D        | Reached skill level 5 in Conjurations
    46 | D        | Reached XP level 2. HP: 15/15 MP: 3/11
    49 | D        | Learned a level 2 spell: Searing Ray
   152 | D        | Reached skill level 7 in Spellcasting
   152 | D        | Reached XP level 3. HP: 15/19 MP: 4/13
   281 | D        | Noticed a scorpion
   283 | D        | Killed a scorpion
   284 | D        | Reached skill level 9 in Spellcasting
   284 | D        | Reached XP level 4. HP: 24/24 MP: 10/17
   289 | D        | Learned a level 4 spell: Fulminant Prism
   294 | D        | Learned a level 4 spell: Iskenderun's Mystic Blast
   373 | D        | Noticed a water elemental
   379 | D        | Killed a water elemental
   380 | D        | Reached skill level 11 in Spellcasting
   380 | D        | Reached XP level 5. HP: 28/28 MP: 3/20
   548 | D        | Found a radiant altar of Vehumet.
   548 | D        | Found a shimmering blue altar of Sif Muna.
   548 | D        | Found an ancient bone altar of Kikubaaqudgha.
   552 | D        | Became a worshipper of Sif Muna the Loreminder
   699 | D        | Found a basalt altar of Yredelemnul.
   699 | D        | Found a shadowy altar of Dithmenos.
   699 | D        | Found a sacrificial altar of Ru.
   699 | D        | Noticed a necrophage
   700 | D        | Reached * piety under Sif Muna
   701 | D        | Reached skill level 12 in Spellcasting
   702 | D        | Killed a necrophage
   703 | D        | Reached skill level 5 in Dodging
   703 | D        | Reached skill level 13 in Spellcasting
   703 | D        | Reached XP level 6. HP: 32/32 MP: 15/24
   730 | D        | Found a hide-covered altar of Uskayaw.
   730 | D        | Found an iron altar of Okawaru.
   730 | D        | Found a bloodstained altar of Trog.
   730 | D        | Found an ornate altar of the Wu Jian Council.
   730 | D        | Noticed a human
   731 | D        | Noticed a human
   734 | D        | Killed a human
   735 | D        | Reached skill level 14 in Spellcasting
   744 | D        | Mangled by a human

Illustrated notes

Levels and vault maps discovered:
D:        dungeon_sprint_mu [sprint_mu_entry_cave, sprint_mu_temple_rooms,
          sprint_mu_d1_spiders, sprint_mu_d2_genie, sprint_mu_d3_branching,
          sprint_mu_orc_legion, sprint_mu_elf_gauntlet, sprint_mu_hive_nellie,
          sprint_mu_lair_fedhas, sprint_mu_vaults_butterflies,
          sprint_mu_slime_circle, sprint_mu_swamp_cave, sprint_mu_shoals_kraken,
          sprint_mu_blade_basic, sprint_mu_crypt_chambers,
          sprint_mu_tomb_spiral, sprint_mu_vestibule_basic,
          sprint_mu_gehenna_hellfire, sprint_mu_dis_giant,
          sprint_mu_tartarus_statrot, sprint_mu_cocytus_islands, sprint_mu_zot1]

Skill      XL: |  1  2  3  4  5  6 |
---------------+-------------------+-----
Hexes          | 2 |  2.0
Translocations | 2 |  2.0
Spellcasting   | 6 7 9 11 13 14 | 14.2
Conjurations   | 5 6 7 8 9 |  9.5
Dodging        | 5 6 |  6.5
Stealth        | |  2.4

Action                   |  1- 3 |  4- 6 || total
-------------------------+-------+-------++-------
 Cast: Magic Dart        |     5 |       ||     5
       Searing Ray       |     5 |     6 ||    11
       Iskenderun's Myst |       |     9 ||     9
  Use: Potion            |     2 |     1 ||     3
       Scroll            |     1 |       ||     1
Dodge: Dodged            |     3 |     1 ||     4
